 Dungeon Crawl Stone Soup version 0.23.2-1-ga50397a (webtiles) character file.

Game seed: 17051254832200403956

2987 diana the Fighter (level 9, -3/66 HPs)
             Began as a Demonspawn Gladiator on May 5, 2019.
             Was an Initiate of Gozag.
             Slain by an orc warrior
             ... wielding a +0 war axe
              (13 damage)
             ... in a bailey.
             The game lasted 00:11:55 (5735 turns).

diana the Fighter (Demonspawn Gladiator)            Turns: 5735, Time: 00:11:56

Health: -3/66      AC: 19    Str: 19    XL:     9   Next: 53%
Magic:  0/9        EV: 12    Int: 11    God:    Gozag
Gold:   322        SH:  0    Dex: 14    Spells: 8/8 levels left

rFire    . . .     SeeInvis .   a - +0 quarterstaff
rCold    . . .     Gourm    .   (shield currently unavailable)
rNeg     . . .     Faith    .   u - +0 plate armour
rPois    .         Spirit   +   c - +0 helmet
rElec    .         Reflect  .   (no cloak)
rCorr    .         Harm     .   o - +1 pair of gloves
MR       .....                  m - +1 pair of boots
Stlth    ..........             (no amulet)
HPRegen  0.21/turn              (no ring)
MPRegen  0.22/turn              (no ring)

@: marked
A: talons 2, repulsion field 2, frail 1, strong 1, magic shield, magic
regeneration
a: Potion Petition, Call Merchant, Bribe Branch, Renounce Religion


You were in a bailey.
You worshipped Gozag.
Gozag was aware of your devotion.
You were not hungry.

You visited 1 branch of the dungeon, and saw 7 of its levels.
You also visited: Bailey.

You collected 676 gold pieces.
You paid 354 gold pieces to Gozag.

Inventory:

Hand Weapons
 a - a +0 quarterstaff (weapon)
Missiles
 d - 2 throwing nets (quivered)
Armour
 b - a +0 leather armour
 c - a +0 helmet (worn)
 m - a +1 pair of boots (worn)
 o - a +1 pair of gloves (worn)
 u - a +0 plate armour (worn)
Jewellery
 g - the ring of Yttisod {rF+ Dex+8}
   (You took it off a kobold in a bailey)

   [ring of protection from fire]

   It affects your dexterity (+8).
   It protects you from fire.
Scrolls
 i - 4 scrolls of teleportation
 n - 4 scrolls of remove curse
 p - 2 scrolls of blinking
 q - 2 scrolls of noise
 t - 3 scrolls of amnesia
 y - a scroll of fear {unknown}
Potions
 e - a potion of curing
 h - 11 potions of degeneration
 l - 2 potions of might
 s - 3 potions of flight
 v - a potion of cancellation
Comestibles
 f - 6 rations


   Skills:
 + Level 8.0 Fighting
 - Level 2.6 Staves
 - Level 1.7 Throwing
 + Level 6.9 Armour
 + Level 7.5 Dodging


You had 8 spell levels left.
You didn't know any spells.
Your spell library was empty.

Dungeon Overview and Level Annotations

Branches:
Dungeon (7/15)             Temple (0/1) D:7

Altars:
Cheibriados
Dithmenos
Elyvilon
Gozag
Sif Muna

Annotations:
D:6 3 runed translucent doors, Tribosh's ghost, novice OpTm


Innate Abilities, Weirdness & Mutations

You have razor-sharp toenails.
You are surrounded by a moderate repulsion field. (EV +3)
When hurt, damage is shared between your health and your magic reserves.
You regenerate magic rapidly.
You are frail. (-10% HP)
Your muscles are strong. (Str +2)


Message History

The orc warrior is severely wounded.
The kobold hits you but does no damage. The orc warrior closely misses you.
You closely miss the orc warrior.
The orc warrior is severely wounded.
The kobold closely misses you.
The orc warrior hits you with a +0 war axe.
* * * LOW HITPOINT WARNING * * *
You closely miss the orc warrior.
The orc warrior is severely wounded.
The kobold closely misses you.
The orc warrior hits you with a +0 war axe!
* * * LOW HITPOINT WARNING * * *
Your plate armour prevents you from hitting the orc warrior.
The orc warrior is severely wounded.
The kobold closely misses you. The orc warrior barely misses you.
Unknown command.
You barely miss the kobold.
The kobold hits you but does no damage. x2
The orc warrior hits you with a +0 war axe!
You die...
Your body crumbles into a pile of gold.

.#############
.............#### #
#..(........## #.
##'#(........# #.. $
#..#$((.⌠..... ..
#..#$#(......# $
.####'####..#.#.....####
.....oo@K...###......#≈≈
.####g####..#.)(...≈≈≈≈≈
##
#...o.K.####$≈≈≈≈≈≈≈≈≈≈
≈≈K#...oog.#K≈≈≈≈≈≈≈....#
≈≈≈#########≈≈≈≈≈..(...##
≈≈≈≈≈≈≈≈≈≈≈≈≈≈.(..(..##
#≈≈≈≈≈≈≈≈≈........###
#.............####
#..∩......####


You could see 2 orc warriors, a gnoll and a kobold.

Vanquished Creatures
  2 orc knights (Bailey)
  A black bear (D:7)
  An ice beast (D:6)
  A sky beast (D:5)
  3 ogres
  5 orc warriors
  5 centaurs
  A scorpion (D:5)
  2 crimson imps (D:6)
  A bullfrog zombie (D:7)
  A hound (D:5)
  2 orc priests (D:6)
  2 centaur skeletons
  An iguana (D:6)
  5 orc wizards
  A hound skeleton (D:6)
  A worker ant zombie (D:5)
  7 gnolls
  5 adders
  A shadow imp (D:6)
  An ooze (D:6)
  4 worms
  3 dart slugs
  2 leopard geckos
  22 orcs
  4 giant cockroaches
  6 goblins
  8 hobgoblins
  5 quokkas
  6 bats
  2 frilled lizards
  12 kobolds
  A rat (D:3)
124 creatures vanquished.

Notes
Turn   | Place    | Note
-------+----------+-------------------------------------------
     0 | D:1      | diana the Demonspawn Gladiator began the quest for the Orb.
     0 | D:1      | Reached XP level 1. HP: 16/16 MP: 1/1
   318 | D:1      | Gained mutation: When hurt, damage is shared between your
                  | health and your magic reserves. [demonic ancestry]
   318 | D:1      | Reached XP level 2. HP: 16/22 MP: 2/2
   482 | D:2      | Reached skill level 1 in Armour
   617 | D:2      | Gained mutation: You are surrounded by a mild repulsion
                  | field. (EV +2) [demonic ancestry]
   617 | D:2      | Reached XP level 3. HP: 27/28 MP: 3/3
  1008 | D:3      | Reached skill level 3 in Fighting
  1008 | D:3      | Reached XP level 4. HP: 15/35 MP: 2/4
  1281 | D:3      | Noticed a centaur
  1288 | D:3      | Killed a centaur
  1288 | D:3      | Gained mutation: You have sharp toenails. [demonic
                  | ancestry]
  1288 | D:3      | Reached XP level 5. HP: 28/41 MP: 2/5
  2657 | D:5      | Entered Level 5 of the Dungeon
  2708 | D:5      | Reached skill level 4 in Fighting
  2708 | D:5      | Gained mutation: You have razor-sharp toenails. [demonic
                  | ancestry]
  2708 | D:5      | Reached XP level 6. HP: 34/48 MP: 4/6
  3215 | D:5      | Noticed a sky beast
  3337 | D:5      | Killed a sky beast
  3337 | D:5      | Gained mutation: You regenerate magic rapidly. [demonic
                  | ancestry]
  3337 | D:5      | Reached XP level 7. HP: 49/55 MP: 5/7
  3391 | D:5      | Found an opulent altar of Gozag.
  3432 | D:5      | Found a shadowy altar of Dithmenos.
  3469 | D:5      | Became a worshipper of Gozag Ym Sagoz the Greedy
  4229 | D:5      | Reached skill level 5 in Fighting
  4229 | D:5      | Reached skill level 5 in Dodging
  4340 | D:6      | Found a snail-covered altar of Cheibriados.
  4377 | D:6      | Found a white marble altar of Elyvilon.
  4402 | D:6      | Found a deep blue altar of Sif Muna.
  4563 | D:6      | Gained mutation: You are surrounded by a moderate repulsion
                  | field. (EV +3) [demonic ancestry]
  4563 | D:6      | Reached XP level 8. HP: 57/64 MP: 8/8
  4665 | D:6      | Reached skill level 6 in Fighting
  4665 | D:6      | Reached skill level 5 in Armour
  4971 | D:6      | Found a runed translucent gate.
  4972 | D:6      | Found a runed translucent gate.
  4973 | D:6      | Found a runed translucent gate.
  4974 | D:6      | Noticed Tribosh's ghost (novice OpTm)
  5246 | D:7      | HP: 3/65 [ogre/+0 giant club (11)]
  5398 | D:7      | Found a flagged portal.
  5428 | Bailey   | Entered a bailey
  5561 | Bailey   | Noticed an orc knight
  5561 | Bailey   | Noticed an orc knight
  5614 | Bailey   | Reached skill level 7 in Fighting
  5617 | Bailey   | Reached XP level 9. HP: 56/72 MP: 3/9
  5656 | Bailey   | Identified the ring of Yttisod {rF+ Dex+8}
  5665 | Bailey   | Gained mutation: You are frail. (-10% HP) [potion of
                  | mutation]
  5665 | Bailey   | Gained mutation: Your muscles are strong. (Str +2) [potion
                  | of mutation]
  5679 | Bailey   | Killed an orc knight
  5715 | Bailey   | Killed an orc knight
  5715 | Bailey   | Reached skill level 8 in Fighting
  5735 | Bailey   | Slain by an orc warrior

Skill      XL: |  1  2  3  4  5  6  7  8  9 |
---------------+----------------------------+-----
Armour         | 1 2 3 4 6 |  6.9
Dodging        | 3 4 5 6 7 |  7.5
Fighting       | 3 4 5 7 8 |  8.0
Staves         | |  2.6
Throwing       | |  1.7

Action                   |  1- 3 |  4- 6 |  7- 9 || total
-------------------------+-------+-------+-------++-------
Melee: Quarterstaff      |    81 |   157 |   360 ||   598
Throw: Throwing net      |       |       |     2 ||     2
Invok: Potion Petition   |       |       |     2 ||     2
  Use: Scroll            |       |       |    13 ||    13
       Potion            |       |       |    11 ||    11
 Stab: Distracted        |       |       |     1 ||     1
  Eat: Chunk             |       |     6 |       ||     6
       Ration            |       |       |     3 ||     3
Armor: Leather armour    |    26 |     8 |       ||    34
       Plate armour      |       |    87 |   254 ||   341
Dodge: Dodged            |    53 |    72 |   267 ||   392
